[Event "French-ch U12-U14 2024"]
[Site "Agen"]
[Date "2024.04.21"]
[Round "9.20"]
[White "Spinosi, Aurelien"]
[Black "Auribault, Louis"]
[Result "0-1"]
[ECO "A04"]
[WhiteElo "1942"]
[BlackElo "2137"]
[Annotator "TA"]
[PlyCount "82"]
[EventDate "2024.04.14"]
[EventType "swiss"]
[EventCountry "FRA"]
[SourceTitle "playchess.com"]
[Source "ChessBase"]
[SourceQuality "1"]
[TimeControl "5400+30"]

1. e4 c5 2. Nf3 e6 3. d3 Nc6 4. g3 g6 5. Bg2 Bg7 6. O-O Nge7 7. c3 O-O 8. Be3 d6 9. Nbd2 e5 10. Qc2 h6 11. Ne1 {[%emt 0:08:27] Black is slightly better.} Be6 12. f4 f5 13. Nef3 Rc8 ({Black should try} 13... exf4 $15 14. Bxf4 g5 15. exf5 Bxf5 (15... Nxf5 16. Rae1 $15)) 14. Rae1 Qd7 15. fxe5 Nxe5 16. exf5 Nxf3+ 17. Bxf3 Nxf5 18. Bf2 Kh8 {[%emt 0:02:38] [#]} (18... Bxa2 $2 19. b3 Kh8 20. c4 $18 (20. Qxa2 Bxc3 21. Bd5 Ra8 $18)) (18... b6 $11 {remains equal.}) 19. Bxb7 $1 $16 Qxb7 (19... Rce8 20. Bg2) 20. Rxe6 Qf7 21. Re4 {[%emt 0:03:43] Threatens to win with g4.} d5 22. Re2 {[%emt 0:01:42] Black must now prevent g4.} Rc6 $2 {[%emt 0:02:40] [#]} (22... h5 $16) 23. Qa4 $2 (23. g4 $1 $18 {[%cal Rg4f5] is the precise move to win.}) 23... Rf6 24. Qd1 (24. Bxc5 {feels hotter.} Nxg3 25. hxg3 Rxf1+ 26. Kg2) 24... Qc7 25. Rfe1 Qc6 26. d4 (26. g4 $16) 26... c4 {[%emt 0:01:55] [#]} (26... cxd4 $11 {and Black stays safe.} 27. cxd4 Nd6) 27. Nf1 (27. g4 $1 $18 Ne7 28. Bh4 (28. Rxe7 Rxf2 29. R1e2 Rxe2 $14)) 27... Nd6 28. Ne3 (28. Be3 $14) 28... h5 (28... Ne4 $15 29. Ng4 Rf3) 29. Rf1 $2 (29. Nf1 $11 {and White has nothing to worry.}) 29... Bh6 ({Black should play} 29... Ne4 $19 {Strongly threatening ...Bh6.} 30. Kg2 Qe6 31. Nxc4 dxc4) 30. Nc2 Ne4 (30... Qb7 $15 31. Rfe1 g5 (31... Qxb2 $2 {too greedy.} 32. Nb4 $18) (31... Ne4 32. Be3 $15)) 31. Qe1 $2 (31. Rxe4 $14 dxe4 32. d5) 31... Ng5 $19 {[%emt 0:02:24] And now ...Nf3+ would win.} 32. Kg2 Qd7 33. Re3 Nh3 34. Re2 Qg4 {[%emt 0:00:11] ( -> ...Nf4+)} 35. Ne3 Bxe3 (35... Nf4+ $142 36. Kg1 Nxe2+ 37. Qxe2 Qxe2 38. Nd1 Be3 39. Nxe3 Rxf2 40. Rc1 Qxe3 41. Rf1 Rxb2+ (41... Rxf1+ $2 {leads to mate.} 42. Kg2 Qe6 43. h4 R8f2#) 42. Rf2 Qxf2+ 43. Kh1 Qxh2#) 36. Rxe3 Rxf2+ 37. Rxf2 Rxf2+ 38. Kh1 Rf8 ({Weaker is} 38... Rxb2 39. Re8+ Kh7 40. Qe7+ Kh6 41. Rh8#) 39. Kg2 Ng5 {[%emt 0:14:29] ...h4 would now be deadly.} 40. Re7 {[%emt 0:00:32] Hoping for Qe5+.} Qf3+ 41. Kg1 Nh3# {[%emt 0:00:00] Weighted Error Value: White=0.98/Black=0.71.  Loses game:     	White=2     	Black=1      Missed win:     	White=1     	---        Mistake:       	White=3     	Black=6      Inaccurate:     	White=1     	Black=2      OK:         	White=3     	Black=8      Brilliant:      	White=1     	---} 0-1